 Dungeon Crawl Stone Soup version 0.25-a0-513-ge77a69270c (webtiles) character file.

Game seed: 2704171543186830034, levelgen mode: deterministic

240 Kohma the Chiller (level 5, 0/44 HPs)
             Began as a Draconian Ice Elementalist on Feb 16, 2020.
             Killed from afar by an orc wizard (4 damage)
             ... with a magic dart
             ... on level 6 of the Dungeon.
             The game lasted 00:06:59 (3208 turns).

Kohma the Chiller (Draconian Ice Elementalist)      Turns: 3208, Time: 00:07:00

Health: 0/44       AC:  5    Str: 10 (11) XL:     5   Next: 80%
Magic:  1/9        EV: 12    Int: 13 (16) God:
Gold:   70         SH:  0    Dex:  8 (11) Spells: 6/10 levels left

rFire    . . .     SeeInvis .   h - +2 dagger (freeze)
rCold    . . .     Gourm    .   (no shield)
rNeg     . . .     Faith    .   (armour unavailable)
rPois    .         Spirit   .   (helmet restricted)
rElec    .         Reflect  .   (no cloak)
rCorr    .         Harm     .   (no gloves)
MR       .....                  (no boots)
Stlth    ++........             (no amulet)
HPRegen  0.14/turn              (no ring)
MPRegen  0.11/turn              (no ring)

@: frozen ramparts
A: unfitting armour, cold-blooded, AC +5
a: no special abilities


You were on level 6 of the Dungeon.
You were hungry.

You visited 1 branch of the dungeon, and saw 4 of its levels.

You collected 70 gold pieces.

Inventory:

Hand Weapons
 h - a +2 dagger of freezing (weapon)
Missiles
 g - 14 poisoned darts (quivered)
 l - 8 javelins
Jewellery
 k - an uncursed ring of magical power {unknown}
 o - an uncursed ring of protection from magic {unknown}
Scrolls
 f - 3 scrolls of identify
 i - 2 scrolls of remove curse {unknown}
 n - a scroll of enchant weapon {unknown}
Potions
 a - a potion of agility {unknown}
 d - 2 potions of lignification
 e - 3 potions of degeneration
 j - a potion of mutation {unknown}
 m - 2 potions of brilliance
 p - a potion of curing {unknown}
 q - 2 potions of ambrosia {unknown}
Comestibles
 b - 4 rations


   Skills:
 + Level 2.9 Fighting
 - Level 1.7 Dodging
 - Level 1.7 Stealth
 + Level 3.2 Spellcasting
 * Level 5.7 Ice Magic


You had 6 spell levels left.
You knew the following spells:

 Your Spells              Type           Power        Failure   Level  Hunger
a - Freeze                Ice            ###.         1%          1    #......
b - Frozen Ramparts       Ice            ###...       6%          3    ###....

Your spell library contained the following spells:

 Spells                   Type           Power        Failure   Level  Hunger
 Ozocubu's Armour         Chrm/Ice       #.......     21%         3    ###....
 Hailstorm                Conj/Ice       #.......     56%         4    #####..
 Summon Ice Beast         Ice/Summ       #.......     56%         4    #####..


Dungeon Overview and Level Annotations

Branches:
Dungeon (3/15)

Altars:
Zin


Innate Abilities, Weirdness & Mutations

Your plain brown scales are hard. (AC +5)
You cannot fit into any form of body armour.
You are cold-blooded and may be slowed by cold attacks.


Message History

The orc hits you with a +0 hand axe.
* * * LOW HITPOINT WARNING * * *
The orc wizard gestures at you while chanting.
The magic dart hits you.
* * * LOW HITPOINT WARNING * * *
Casting: Frozen Ramparts (safe; 6% risk of failure)
Confirm with . or Enter, or press ? or * to list all spells.
The walls around you are covered in icicles.
The orc misses you.
The wall releases a blast of icicles at the orc!
The orc is encased in ice.
The orc wizard mumbles some strange words.
The orc wizard blinks!
The wall releases a blast of icicles at the orc warrior!
As you read the scroll labeled IBLUOSK PAUPRA, it crumbles to dust.
It is a scroll of identify.
m - 2 potions of brilliance The orc wizard gestures at you while chanting.
The magic dart hits you.
You die...

### #.# #.###########
#)))o.......#
#)#########.#
...#########.# #
##.........##.#.#
...o......##.#.#
##........@##.#.####.
........ooo.).......
...ยง...........####.
......#.##.##.....
......#.##.##.....
..................
........##........
###...#######.....
.... .....


You could see an orc warrior, an orc wizard and 2 orcs.

Vanquished Creatures
  3 orc priests
  A centaur skeleton (D:6)
  4 adders
  An ooze (D:3)
  An adder skeleton (D:2)
  2 worms (D:2)
  2 dart slugs
  A leopard gecko (D:1)
  9 orcs
  10 bats
  2 giant cockroaches (D:2)
  6 goblins
  11 hobgoblins
  2 kobolds
  2 quokkas
  A ball python (D:2)
  3 frilled lizards
  3 rats
64 creatures vanquished.

Notes
Turn   | Place    | Note
-------+----------+-------------------------------------------
     0 | D:1      | Kohma the Draconian Ice Elementalist began the quest for
                  | the Orb.
     0 | D:1      | Reached XP level 1. HP: 14/14 MP: 3/3
   316 | D:1      | Reached XP level 2. HP: 22/22 MP: 1/5
   563 | D:1      | Reached skill level 1 in Fighting
  1482 | D:2      | Reached XP level 3. HP: 28/28 MP: 3/6
  1487 | D:2      | Learned a level 3 spell: Frozen Ramparts
  1783 | D:2      | Found a glowing silver altar of Zin.
  2054 | D:2      | Reached XP level 4. HP: 36/36 MP: 7/7
  2625 | D:3      | Reached skill level 5 in Ice Magic
  2636 | D:3      | Reached XP level 5. HP: 18/42 MP: 3/9
  2992 | D:3      | You fall into a shaft and drop 3 floors!
  3179 | D:6      | Noticed an orc warrior
  3208 | D:6      | Killed from afar by an orc wizard

Levels and vault maps discovered:
D:1:      elethiomel_arrival_infinity_welcomes_careful_drivers, layout_basic,
          serial_bayou_pond_c
D:2:      layout_basic, overflow_temple_1_default, first_ration,
          dk_noncrumbling_3, palyth_stone_intersect
D:3:      layout_basic, minivault_4
D:6:      layout_basic

Skill      XL: |  1  2  3  4 |
---------------+-------------+-----
Fighting       | 1 2 |  2.9
Ice Magic      | 5 |  5.7
Spellcasting   | 3 |  3.2
Dodging        | |  1.7
Stealth        | |  1.7

Action                   |  1- 3 |  4- 6 || total
-------------------------+-------+-------++-------
Melee: Club              |    38 |       ||    38
       Tailslap          |     7 |     8 ||    15
       Dagger            |    25 |    46 ||    71
Throw: Dart              |     5 |       ||     5
 Cast: Freeze            |    25 |     2 ||    27
       Frozen Ramparts   |     6 |    13 ||    19
  Use: Potion            |       |     2 ||     2
       Scroll            |       |     1 ||     1
 Stab: Sleeping          |     1 |     4 ||     5
  Eat: Chunk             |     5 |     4 ||     9
Armor: Skin              |    29 |    14 ||    43
Dodge: Dodged            |    58 |    26 ||    84

Table legend:
 A = Non-vault XP
 B = Vault XP
 C = Vault XP percentage of total XP
 D = Non-vault monster count
 E = Vault monster count
 F = Vault count percentage of total count
                 A         B        C        D         E       F
            +---------+---------+-------+---------+---------+-------
      Total |     344 |       0 |   0.0 |      64 |       0 |   0.0
            +---------+---------+-------+---------+---------+-------
        D:1 |      36 |       0 |   0.0 |      19 |       0 |   0.0
        D:2 |      70 |       0 |   0.0 |      21 |       0 |   0.0
        D:3 |     143 |       0 |   0.0 |      17 |       0 |   0.0
        D:6 |      95 |       0 |   0.0 |       7 |       0 |   0.0
            +---------+---------+-------+---------+---------+-------
